Map: Invader LE

Players

Fropez

  • Race: Protoss Protoss
  • League: Silver
  • Spawn Location: 11:00

Pei - Winner!

  • Race: Protoss Protoss
  • League: Silver
  • Spawn Location: 1:00

VOD

Have the link to the VOD?

Description

Time

  • Played on: May 17, 2016, 5:34 p.m.
  • Length: 28:31
Show
View Real Time Build Order
Export as new Build Order

Fropez Protoss 

Build Orders:  

Get SALT Encoding   

  12  0:14  Pylon  
  12  0:16  Probe (Chrono Boost)  
  13  0:27  Probe (Chrono Boost)  
  14  0:35  Gateway  
  14  0:37  Probe (Chrono Boost)  
  15  0:46  Assimilator  
  15  0:48  Probe (Chrono Boost)  
  16  1:03  Gateway  
  16  1:10  Probe (Chrono Boost)  
  17  1:23  Cybernetics Core  
  17  1:24  Probe (Chrono Boost)  
  18  1:31  Assimilator  
  18  1:38  Probe (Chrono Boost)  
  19  1:50  Probe (Chrono Boost)  
  20  1:59  Adept  
  22  2:07  Pylon  
  22  2:10  Probe (Chrono Boost)  
  23  2:25  Adept, Probe (Chrono Boost)  
  23  2:26  Pylon  
  27  2:37  Warp Gate (Chrono Boost)  
  27  2:40  Mothership Core (Chrono Boost)  
  28  2:53  Robotics Facility  
  29  2:58  Probe (Chrono Boost)  
  29  3:09  Probe  
  30  3:21  Probe  
  30  3:23  Forge  
  30  3:24  Adept  
  30  3:25  Adept  
  36  3:36  Pylon  
  36  3:47  Immortal  
  39  3:56  Protoss Ground Weapons Level 1 (Chrono Boost)  
  39  4:23  Probe  
  40  4:26  Immortal  
  44  4:41  Nexus  
  44  4:44  Pylon  
  44  4:51  Probe  
  45  4:58  Adept  
  47  5:03  Adept  
  49  5:08  Warp Prism  
  51  5:26  Probe  
  52  5:31  Pylon  
  52  5:32  Photon Cannon  
  52  5:35  Adept  
  54  5:45  Probe  
  55  5:57  Probe  
  55  6:02  Gateway  
  56  6:10  Gateway  
  57  6:11  Probe, Gateway  
  57  6:12  Probe  
  54  6:46  Protoss Ground Armor Level 1 (Chrono Boost)  
  50  6:49  Immortal (Chrono Boost)  
  54  6:55  Assimilator  
  54  6:57  Twilight Council  
  54  7:08  Adept x3  
  54  7:09  Adept  
  55  8:16  Probe, Immortal (Chrono Boost)  
  55  8:18  Probe  
  55  8:19  Protoss Ground Weapons Level 2  
  61  8:26  Forge  
  61  8:36  Probe  
  61  8:37  Probe  
  61  8:40  Robotics Facility  
  61  8:41  Pylon  
  63  8:45  Assimilator  
  63  8:47  Pylon  
  63  8:50  Immortal (Chrono Boost)  
  67  9:01  Stalker x4  
  75  9:07  Blink  
  75  9:11  Probe  
  72  9:28  Stalker x3  
  72  9:29  Stalker  
  78  9:32  Nexus  
  78  9:36  Assimilator  
  82  9:40  Assimilator  
  82  9:41  Probe, Immortal (Chrono Boost)  
  82  9:42  Probe  
  82  9:43  Pylon  
  82  9:44  Pylon  
  84  9:53  Probe  
  84  9:54  Probe  
  86  10:00  Observer (Chrono Boost)  
  86  10:03  Stalker  
  93  10:15  Probe x2  
  93  10:20  Immortal (Chrono Boost)  
  95  10:27  Probe  
  62  11:31  Protoss Ground Weapons Level 3 (Chrono Boost), Protoss Ground Armor Level 2 (Chrono Boost)  
  62  11:37  Immortal x2  
  62  11:39  Stalker x4  
  74  11:43  Probe  
  75  11:53  Probe  
  75  11:56  Gateway  
  75  11:57  Gateway  
  75  11:58  Gateway  
  75  11:59  Gateway  
  75  12:01  Gateway  
  76  12:02  Gateway  
  76  12:04  Probe  
  77  12:15  Probe  
  77  12:19  Zealot  
  77  12:20  Zealot x3  
  86  12:25  Probe  
  87  12:35  Probe x2  
  87  12:53  Stalker x4  
  93  13:19  Dark Shrine  
  89  13:21  Pylon  
  87  13:30  Probe  
  87  13:31  Probe x2  
  90  13:34  Nexus  
  90  13:36  Assimilator  
  90  13:38  Assimilator  
  88  13:41  Pylon  
  84  13:53  Immortal (Chrono Boost)  
  84  13:57  Immortal (Chrono Boost)  
  84  14:02  Protoss Shields Level 1 (Chrono Boost), Protoss Ground Armor Level 3 (Chrono Boost)  
  93  14:10  Probe x2  
  93  14:12  Probe  
  93  14:13  Charge  
  95  14:46  Stalker x3  
  95  14:47  Stalker x5  
  95  14:48  Stalker x2  
  107  15:23  Zealot x6  
  107  15:24  Zealot x4  
  121  15:29  Observer  
  121  15:32  Observer  
  117  15:43  Probe x2  
  117  15:45  Immortal  
  119  15:53  Immortal  
  127  16:03  Templar Archives  
  107  16:11  Zealot x4  
  107  16:12  Zealot x6  
  127  16:21  Probe  
  127  16:22  Probe  
  127  16:23  Probe x2  
  131  16:32  Probe  
  125  16:34  Probe  
  125  16:35  Probe x2  
  125  16:39  Observer  
  127  16:42  Observer  
  117  17:01  Nexus  
  117  17:04  Assimilator  
  117  17:06  Assimilator  
  116  17:16  Zealot x3  
  116  17:17  Zealot x5  
  116  17:18  Zealot  
  134  17:35  Immortal  
  133  17:41  Immortal  
  140  17:52  Dark Templar x3  
  140  17:53  Dark Templar x5  
  156  18:00  Pylon  
  156  18:02  Pylon x2  
  156  18:14  Pylon  
  146  18:30  Protoss Shields Level 2 (Chrono Boost)  
  146  18:32  Stalker x4  
  146  18:33  Stalker x2  
  150  18:57  Dark Templar  
  150  18:58  Dark Templar x5  
  162  19:13  Probe  
  162  19:14  Probe  
  162  19:15  Probe x2  
  166  19:24  Probe  
  166  19:27  Probe x3  
  158  19:56  Nexus  
  158  20:00  Assimilator  
  158  20:02  Assimilator  
  158  20:06  Pylon  
  158  20:07  Pylon  
  158  20:12  Pylon  
  158  20:15  High Templar x5  
  158  20:16  High Templar x5  
  158  20:19  Archon x2  
  158  20:20  Archon x3  
  101  21:10  High Templar x4  
  101  21:11  High Templar x6  
  109  21:12  Observer  
  109  21:15  Observer  
  103  21:27  Archon x3  
  103  21:28  Archon  
  103  21:31  Observer  
  94  21:45  High Templar x2  
  94  21:46  High Templar x2  
  102  21:49  Archon  
  102  21:50  Archon  
  102  22:09  Stargate x2  
  102  22:22  Pylon  
  102  22:24  Pylon  
  102  22:25  Pylon  
  102  22:30  Gateway  
  102  22:33  Gateway  
  102  22:34  Pylon  
  102  22:35  Pylon  
  102  22:38  Gateway  
  102  22:40  Gateway  
  102  22:43  Gateway x2, Protoss Shields Level 3 (Chrono Boost)  
  102  22:44  Gateway x2  
  102  22:47  Pylon, Gateway  
  102  22:52  Pylon  
  102  22:54  Pylon  
  102  22:56  Nexus  
  102  23:02  Assimilator  
  102  23:04  Assimilator  
  102  23:09  Pylon  
  102  23:10  Zealot x5  
  102  23:11  Zealot x5  
  122  23:50  Nexus  
  122  24:00  High Templar x5  
  122  24:01  High Templar x3  
  122  24:02  Nexus  
  138  24:04  Archon x2  
  138  24:05  Archon x2  
  138  24:06  Assimilator  
  138  24:08  Assimilator  
  138  24:22  Pylon  
  138  24:25  Pylon  
  138  24:26  Assimilator  
  138  24:27  Assimilator  
  138  24:32  Pylon  
  138  24:42  Nexus  
  138  24:46  Pylon  
  138  24:49  Pylon  
  138  25:01  Zealot  
  138  25:02  Zealot x3  
  138  25:03  Zealot x2  
  138  25:04  Zealot x5  
  137  25:30  Observer  
  137  25:33  Observer  
  131  25:49  Observer  
  119  25:54  Observer  
  92  26:15  Zealot x5  
  92  26:16  Zealot x6  
  92  26:17  Zealot x3  
  77  26:56  Zealot x5  
  77  26:57  Zealot x7  
  77  26:58  Zealot x5  
  99  27:20  Zealot x3  
  99  27:21  Zealot x3  
  75  28:05  Nexus  
  72  28:13  Probe  
  72  28:15  Probe  
  72  28:16  Nexus  
Show
View Real Time Build Order
Export as new Build Order

Pei Protoss - Winner!

Build Orders:  

Get SALT Encoding   

  12  0:01  Probe (Chrono Boost)  
  13  0:13  Probe (Chrono Boost)  
  14  0:18  Pylon  
  14  0:27  Probe (Chrono Boost)  
  15  0:31  Assimilator  
  15  0:41  Gateway  
  15  0:45  Probe (Chrono Boost)  
  16  0:55  Pylon  
  17  0:57  Probe (Chrono Boost)  
  17  1:10  Forge  
  17  1:13  Probe (Chrono Boost)  
  18  1:24  Probe (Chrono Boost)  
  18  1:25  Assimilator  
  19  1:38  Probe (Chrono Boost)  
  20  1:47  Cybernetics Core  
  20  1:51  Probe (Chrono Boost)  
  21  2:01  Pylon  
  21  2:06  Probe (Chrono Boost)  
  22  2:17  Photon Cannon  
  22  2:20  Probe (Chrono Boost)  
  23  2:25  Warp Gate (Chrono Boost)  
  23  2:31  Probe  
  24  2:46  Nexus  
  24  2:57  Pylon  
  24  2:59  Probe  
  24  3:04  Stalker  
  27  3:17  Gateway  
  27  3:21  Mothership Core  
  29  3:29  Pylon  
  29  3:36  Stalker  
  31  3:44  Pylon  
  31  3:59  Probe  
  31  4:01  Probe  
  33  4:12  Probe x2  
  35  4:24  Assimilator  
  35  4:30  Probe  
  36  4:36  Assimilator  
  36  4:37  Stalker  
  38  4:39  Probe  
  39  4:50  Probe  
  39  4:52  Stalker  
  42  5:05  Robotics Facility  
  42  5:08  Pylon, Probe  
  42  5:11  Probe  
  44  5:14  Pylon  
  44  5:19  Stalker  
  46  5:22  Protoss Ground Armor Level 1 (Chrono Boost)  
  46  5:24  Probe  
  46  5:25  Probe  
  49  5:42  Probe  
  49  5:43  Probe, Photon Cannon  
  49  5:47  Photon Cannon  
  50  5:56  Observer  
  51  5:57  Stalker x2  
  51  6:03  Gateway  
  55  6:08  Pylon  
  55  6:14  Photon Cannon  
  55  6:26  Twilight Council  
  55  6:30  Forge  
  55  6:55  Probe  
  55  6:56  Probe  
  55  7:00  Observer  
  58  7:03  Blink  
  58  7:06  Protoss Ground Weapons Level 1 (Chrono Boost)  
  58  7:07  Probe  
  60  7:08  Probe  
  60  7:15  Dark Shrine  
  60  7:21  Robotics Facility  
  60  7:25  Pylon  
  60  7:26  Protoss Ground Armor Level 2 (Chrono Boost)  
  60  7:28  Pylon  
  58  7:43  Probe  
  58  7:50  Immortal  
  62  7:56  Probe  
  59  8:08  Probe  
  59  8:20  Probe  
  60  8:27  Dark Templar  
  60  8:28  Dark Templar x2  
  60  8:32  Probe  
  67  8:38  Gateway  
  67  8:40  Gateway  
  67  8:42  Gateway  
  67  8:50  Nexus  
  67  8:53  Immortal  
  67  8:54  Pylon  
  71  8:57  Observer, Pylon  
  71  9:00  Pylon  
  71  9:02  Assimilator  
  72  9:04  Assimilator  
  72  9:27  Stalker x3  
  78  9:41  Photon Cannon  
  78  9:42  Dark Templar  
  78  9:43  Photon Cannon, Dark Templar  
  78  9:45  Dark Templar  
  84  9:50  Photon Cannon  
  84  9:53  Pylon  
  84  9:58  Immortal  
  89  10:00  Observer  
  89  10:02  Probe  
  90  10:12  Probe  
  90  10:14  Stalker x2  
  90  10:15  Stalker  
  97  10:21  Dark Templar  
  97  10:23  Probe, Protoss Ground Armor Level 3 (Chrono Boost)  
  100  10:28  Dark Templar  
  65  11:35  Stalker x2  
  65  11:36  Stalker x2  
  65  11:37  Stalker, Protoss Ground Weapons Level 2 (Chrono Boost)  
  65  11:38  Dark Templar  
  77  11:52  Probe  
  78  12:02  Probe  
  79  12:10  Probe  
  79  12:12  Dark Templar  
  79  12:13  Probe, Stalker x2  
  79  12:14  Stalker  
  79  12:15  Sentry x2  
  91  12:22  Probe  
  94  12:24  Protoss Shields Level 1 (Chrono Boost)  
  94  12:25  Probe, Immortal (Chrono Boost)  
  103  12:31  Immortal (Chrono Boost)  
  102  13:23  Nexus  
  102  13:26  Pylon  
  102  13:29  Zealot  
  102  13:30  Pylon, Zealot x3  
  102  13:32  Pylon  
  110  13:45  Dark Templar  
  110  13:46  Dark Templar  
  110  13:56  Assimilator  
  110  13:59  Assimilator  
  110  14:05  Stalker x2  
  110  14:06  Stalker x2  
  118  14:15  Probe  
  119  14:21  Immortal (Chrono Boost)  
  127  14:27  Probe, Immortal (Chrono Boost)  
  127  14:28  Photon Cannon  
  128  14:32  Sentry x2  
  128  14:33  Photon Cannon  
  128  14:36  Photon Cannon  
  132  14:39  Probe  
  133  14:49  Probe  
  133  14:51  Probe  
  135  14:53  Stalker  
  135  14:54  Stalker  
  135  14:59  Probe  
  133  15:10  Probe  
  134  15:20  Probe  
  135  15:31  Probe  
  133  16:00  Stalker  
  133  16:01  Stalker  
  133  16:02  Adept x2  
  133  16:03  Adept x2  
  142  16:26  Adept x3  
  142  16:27  Adept x2  
  142  16:29  Adept  
  143  16:41  Probe  
  138  16:53  Probe  
  138  17:05  Probe  
  139  17:17  Probe  
  139  17:21  Adept x3  
  139  17:22  Adept x2  
  150  17:34  Probe  
  149  18:07  Stargate  
  149  18:13  Protoss Ground Weapons Level 3  
  149  18:16  Protoss Shields Level 2  
  149  18:18  Pylon  
  149  18:21  Pylon  
  149  18:23  Probe  
  149  18:24  Pylon, Probe  
  147  18:27  Pylon  
  147  18:35  Probe  
  148  19:02  Dark Templar  
  148  19:03  Dark Templar  
  148  19:04  Nexus, Dark Templar  
  148  19:05  Dark Templar  
  148  19:07  Pylon  
  156  19:10  Pylon  
  156  19:13  Pylon  
  156  19:15  Assimilator  
  156  19:19  Assimilator  
  150  19:40  Adept  
  150  19:41  Adept x3  
  150  19:43  Adept  
  160  19:58  Fleet Beacon  
  160  20:05  Stalker x2  
  160  20:06  Stalker  
  166  20:07  Stalker  
  166  20:09  Dark Templar x2  
  93  21:12  Stalker  
  93  21:13  Stalker x3  
  93  21:14  Stalker  
  93  21:15  Dark Templar  
  101  21:50  Dark Templar x2  
  101  21:52  Dark Templar  
  101  21:53  Zealot  
  109  21:57  Sentry  
  111  22:06  Probe (Chrono Boost)  
  112  22:10  Mothership Core (Chrono Boost)  
  114  22:45  Archon  
  114  22:46  Archon  
  114  22:49  Archon x2  
  114  22:52  Nexus  
  114  22:54  Pylon  
  114  23:05  Archon  
  114  23:09  Adept  
  114  23:10  Adept x2, Protoss Shields Level 3  
  114  23:12  Dark Templar x2  
  124  23:15  Stalker  
  132  23:46  Dark Templar x2  
  132  23:47  Dark Templar  
  132  23:48  Dark Templar  
  140  23:56  Stalker  
  140  23:57  Adept  
  144  24:20  Assimilator  
  144  24:22  Probe (Chrono Boost), Assimilator  
  145  24:28  Stalker  
  145  24:29  Adept x2  
  145  24:30  Adept  
  153  24:31  Sentry  
  153  24:32  Sentry, Probe (Chrono Boost)  
  158  24:43  Probe (Chrono Boost)  
  151  25:34  Adept  
  151  25:35  Adept x2  
  157  25:36  Dark Templar x3  
  149  26:29  Dark Templar x2  
  149  26:30  Dark Templar x2  
  149  26:31  Dark Templar  
  149  26:32  Dark Templar  
  161  27:15  Dark Templar  
  163  27:16  Dark Templar  
  163  27:17  Stalker x3  
  171  27:23  Pylon  
  171  27:26  Pylon  
  171  27:28  Pylon  
  159  28:20  Pylon x2  
  159  28:22  Pylon  
  159  28:24  Pylon  
Tags
 
Matchup
PvP
Replay Pack
All Mines
Spawn Locations
Close Positions
Add a new tag
Caveats
  • Supply blocks, unpowered buildings, or Contaminate may cause inaccurate times.
  • Supply counts are checked every 10 seconds.